 Dungeon Crawl Stone Soup version 0.23.2-40-g277498a (webtiles) character file.

Game seed: 12964408746973236683

54 Balder the Shield-Bearer (level 3, 0/30 HPs)
             Began as a Demigod Fighter on Aug 15, 2019.
             Slain by a gnoll
             ... wielding a +0 spear
              (3 damage)
             ... on level 2 of the Dungeon on Aug 20, 2019.
             The game lasted 00:06:56 (2064 turns).

Balder the Shield-Bearer (Demigod Fighter)          Turns: 2064, Time: 00:06:57

Health: 0/30       AC:  6    Str: 24    XL:     3   Next: 44%
Magic:  5/5        EV:  7    Int: 12    God:
Gold:   92         SH: 10    Dex: 17    Spells: 2/2 levels left

rFire    . . .     SeeInvis .   a - +0 flail
rCold    . . .     Gourm    .   c - +0 shield
rNeg     + . .     Faith    .   b - +0 scale mail
rPois    .         Spirit   .   (no helmet)
rElec    .         Reflect  .   (no cloak)
rCorr    .         Harm     .   (no gloves)
MR       .....                  (no boots)
Stlth    ..........             (no amulet)
HPRegen  0.10/turn              i - ring of positive energy
MPRegen  0.09/turn              (no ring)

@: mighty
A: high mp 1
a: no special abilities


You were on level 2 of the Dungeon.
You were hungry.

You visited 1 branch of the dungeon, and saw 2 of its levels.

You collected 92 gold pieces.

Inventory:

Hand Weapons
 a - a +0 flail (weapon)
Armour
 b - a +0 scale mail (worn)
 c - a +0 shield (worn)
Jewellery
 i - a ring of positive energy (left hand)
Wands
 g - a wand of random effects (10)
 m - a wand of enslavement (17)
Scrolls
 h - a scroll of remove curse {unknown}
 j - 2 scrolls of identify
 k - a scroll of blinking {unknown}
 l - a scroll of amnesia {unknown}
 o - a scroll of fear {unknown}
 p - a scroll of random uselessness {unknown}
Potions
 d - a potion of might
 e - 2 potions of flight {unknown}
 n - 3 potions of curing {unknown}
Comestibles
 f - 3 rations


   Skills:
 * Level 2.9 Fighting
 * Level 2.4 Maces & Flails
 * Level 3.0 Armour
 * Level 0.5 Dodging
 * Level 0.7 Stealth
 * Level 3.1 Shields


You had 2 spell levels left.
You didn't know any spells.
Your spell library was empty.

Dungeon Overview and Level Annotations

Branches:
Dungeon (2/15)


Innate Abilities, Weirdness & Mutations

You have an increased reservoir of magic. (+10% MP)


Message History

The gnoll is moderately wounded.
The gnoll hits you.
* * * LOW HITPOINT WARNING * * *
You block the gnoll's attack. x2
The gnoll hits you from afar with a +0 spear.
* * * LOW HITPOINT WARNING * * *
You feel very mighty all of a sudden. The gnoll closely misses you.
You sock the gnoll!
You kill the gnoll!
The gnoll barely misses you. The gnoll closely misses you.
Your shield and scale mail prevent you from hitting the gnoll.
The gnoll hits you with a +0 spear.
* * * LOW HITPOINT WARNING * * *
The gnoll hits you but does no damage.
You sock the gnoll!
The gnoll is almost dead.
The gnoll hits you with a +0 spear.
You die...

###.#### #.##.# #.###.....###..
.......# #....###.##.......#...
.....#.#######.....##............
...................('.........'..
.......#######....###.........#.#
#......# ##.#.# ##.......##..
#..#.#.# ###.# ##.....#####
#..###.# #####.# ##...## #..###.#
#ggg@.# ##'## #......# #.#####
#.####### ##.##### ####.#####
#........ #.# #........#
##..###### #.# #g##.###.# ##...##
#.# # #.# #.#####.....## #.#
#.###.............# ##.#
#......######..##.# ...# #####.##
##......


You could see 3 gnolls.

Vanquished Creatures
  A gnoll (D:2)
  2 adders (D:2)
  A dart slug (D:1)
  2 leopard geckos
  4 bats (D:1)
  3 hobgoblins
  3 kobolds (D:1)
  A quokka (D:2)
  A ball python (D:1)
  3 frilled lizards
  2 goblins (D:1)
  2 rats
25 creatures vanquished.

Notes
Turn   | Place    | Note
-------+----------+-------------------------------------------
     0 | D:1      | Balder the Demigod Fighter began the quest for the Orb.
     0 | D:1      | Reached XP level 1. HP: 18/18 MP: 3/3
   452 | D:1      | Reached XP level 2. HP: 24/25 MP: 4/4
  1358 | D:2      | Found a white marble altar of Elyvilon.
  1448 | D:2      | Reached XP level 3. HP: 30/30 MP: 5/5
  1804 | D:2      | Found a radiant altar of Vehumet.
  1908 | D:2      | Found an ornate altar of the Wu Jian Council.
  2064 | D:2      | Slain by a gnoll

Skill      XL: |  1  2 |
---------------+-------+-----
Maces & Flails | 2 |  2.4
Armour         | 3 |  3.0
Shields        | 3 |  3.1
Fighting       | |  2.9
Dodging        | |  0.5
Stealth        | |  0.7

Action                   || total
-------------------------++-------
Melee: Flail             ||   100
Evoke: Wand              ||     1
  Use: Scroll            ||     1
       Potion            ||     1
  Eat: Chunk             ||     3
Armor: Scale mail        ||    43
Dodge: Dodged            ||    41
Block: Shield            ||    68
